 Dungeon Crawl Stone Soup version 0.18-a0-1805-g8ab820f (webtiles) character file.

49 Slimper123 the Sneak (level 3, 0/27 HPs)
             Began as a Vampire Assassin on Apr 23, 2016.
             Slain by an adder (2 damage)
             ... on level 2 of the Dungeon on Apr 25, 2016.
             The game lasted 00:30:32 (2350 turns).

Slimper123 the Sneak (Vampire Assassin)             Turns: 2350, Time: 00:30:33

Health: 0/27       AC:  9    Str: 10    XL:     3   Next: 51%
Magic:  3/3        EV:  4    Int: 13    God:
Gold:   29         SH:  0    Dex: 16    Spells: 0 memorised, 2 levels left

rFire  . . .     SeeInvis +     a - +2 dagger
rCold  . . .     Gourm    .     p - +0 chain mail
rNeg   + . .     Faith    .     (no shield)
rPois  .         Spirit   .     (no helmet)
rElec  .         Dismiss  .     d - +0 cloak
rCorr  .         Reflect  .     (no gloves)
SustAt .         Harm     .     (no boots)
MR     .....                    (no amulet)
Stlth  +.........               (no ring)
                                m - ring of wizardry

@: lethally poisoned (0 -> -4), not resistant to hostile enchantments, very
unstealthy
A: fangs 3, see invisible, unbreathing
a: Bat Form


You were on level 2 of the Dungeon.
You were not thirsty.

You visited 1 branch of the dungeon, and saw 2 of its levels.

You collected 29 gold pieces.

Inventory:

Hand Weapons
 a - a +2 dagger (weapon)
 b - a +0 blowgun
 h - a +0 hunting sling
 l - a +0 hand axe
 n - a +0 whip
 s - a +0 dagger
 x - a +0 dagger
 y - a +0 dagger
Missiles
 e - 8 poisoned needles
 f - 2 curare-tipped needles
 o - 48 stones (quivered)
Armour
 c - a +0 robe
 d - a +0 cloak (worn)
 p - a +0 chain mail (worn)
 t - a +0 leather armour
Jewellery
 m - a ring of wizardry (left hand)
Scrolls
 k - 3 scrolls of identify
 v - a scroll of blinking {unknown}
 w - a scroll of remove curse {unknown}
Potions
 g - 3 potions of blood
 z - 2 potions of curing {unknown}
Comestibles
 i - 2 meat rations


   Skills:
 * Level 2.0 Fighting
 + Level 2.4 Short Blades
 - Level 1.7 Throwing
 + Level 0.2 Armour
 + Level 2.1 Dodging
 + Level 6.8 Stealth


You had 2 spell levels left.
You didn't know any spells.

Dungeon Overview and Level Annotations

Branches:
Dungeon (2/15)

Altars:


Innate Abilities, Weirdness & Mutations

You have razor-sharp teeth.
You have supernaturally acute eyesight.
You can survive without breathing.


Message History

Really abort (and waste the scroll)? [Y]es or [N]o only, please.
Really abort (and waste the scroll)? [Y]es or [N]o only, please.
Really abort (and waste the scroll)? [Y]es or [N]o only, please.
Really abort (and waste the scroll)?
Uppercase [Y]es or [N]o only, please.
Really abort (and waste the scroll)?
Uppercase [Y]es or [N]o only, please.
Really abort (and waste the scroll)?
Uppercase [Y]es or [N]o only, please.
Really abort (and waste the scroll)?
Uppercase [Y]es or [N]o only, please.
Really abort (and waste the scroll)?
Identify which item? (\ to view known items) (? for menu, Esc to quit)
s - a +0 dagger
* * * LOW HITPOINT WARNING * * *
You feel sick. The adder bites you.
You die...

....... ....... ..>....
##### # #...... #...#
..#...... ###.#.## #...#
#.†### .##.#..##
#..####...# .##.##..#
#....###.###..## .##.###.##
#.##.@S.........
.##.###..###.##..####..###.
.............##.....##....
.##.####....###.###........
.##.# ###.......##..###...
..#.# #.#........... ...
#.#.# #.####......... ..
#.#.######.##........# ..
#.#.##........#####.... .


You could see an adder.

Vanquished Creatures
  2 adders (D:2)
  An ooze (D:1)
  A giant gecko (D:1)
  2 bats
  3 giant cockroaches (D:1)
  3 goblins (D:1)
  4 jackals (D:1)
  5 kobolds
  A giant newt (D:1)
  2 rats (D:1)
24 creatures vanquished.

Notes
Turn   | Place    | Note
--------------------------------------------------------------
     0 | D:1      | Slimper123 the Vampire Assassin began the quest for the Orb.
     0 | D:1      | Reached XP level 1. HP: 16/16 MP: 1/1
    75 | D:1      | Reached skill level 6 in Stealth
   808 | D:1      | Reached XP level 2. HP: 3/22 MP: 2/2
  1364 | D:1      | Upgraded the game from 0.18-a0-1799-g6250cb2 to 0.18-a0-1805-g8ab820f
  2280 | D:2      | Reached XP level 3. HP: 27/27 MP: 3/3
  2350 | D:2      | Slain by an adder

Vault maps used:
D:1:      dpeg_arrival_line_fractal, st_stairs_11, kennysheep_small_spiral,
          grunt_decor_one_mirror, grunt_decor_arrowhead, serial_park_tiny_2,
          roderic_lattice_a
D:2:      lemuel_upstairs_altar, fiery_altar_vehumet, patterned_corridor

Skill      XL: |  1  2  3 |
---------------+----------+-----
Stealth        | 6 |  6.8
Fighting       | 2 |  2.0
Dodging        | 2 |  2.1
Short Blades   | |  2.4
Throwing       | |  1.7
Armour         | |  0.2

Action                   || total
-------------------------++-------
Melee: Dagger            ||   107
       Bite              ||     9
  Use: Potion            ||     3
       Scroll            ||     1
 Stab: Sleeping          ||     1
Armor: Robe              ||    32
       Chain mail        ||    27
Dodge: Dodged            ||    89
